 Dungeon Crawl Stone Soup version 0.30-a0-743-gbfdf073431 (webtiles) character file.

Game seed: 12951237566063523478

1618 Lavandula the Slicer (level 9, -1/61 (63) HPs)
             Began as a Human Monk on Feb 6, 2023.
             Was a Believer of Elyvilon.
             Succumbed to a kobold brigand's curare-tipped dart
             ... on level 6 of the Dungeon.
             The game lasted 00:10:02 (4973 turns).

Lavandula the Slicer (Human Monk)                   Turns: 4973, Time: 00:10:03

HP:   -1/61 (63)    AC: 13    Str: 16    XL:     9   Next: 17%
MP:   2/11          EV: 10    Int: 11    God:    Elyvilon [**....]
Gold: 273           SH:  0    Dex: 15    Spells: 8/8 levels left

rFire   . . .      SeeInvis .    a - +0 falchion
rCold   + . .      Faith    .    (no shield)
rNeg    . . .      Spirit   +    y - +3 scale mail {rC+}
rPois   .          Reflect  .    (no helmet)
rElec   .          Harm     .    (no cloak)
rCorr   .          Rampage  .    (no gloves)
Will    +....                    (no boots)
Stlth   +                        u - amulet of guardian spirit
HPRegen 0.30/turn                d - +4 ring of protection
MPRegen 0.12/turn                v - ring of willpower

@: lethally poisoned (-1 -> -22), slowed, lightly drained, very slow
A: no striking features
a: Renounce Religion, Purification, Heal Other


You were on level 6 of the Dungeon.
You worshipped Elyvilon.
Elyvilon was pleased with you.
You visited 2 branches of the dungeon, and saw 7 of its levels.

You collected 392 gold pieces.
You spent 119 gold pieces at shops.

Inventory:

Hand Weapons
 a - a +0 falchion (weapon)
 t - a +1 dagger of venom
Missiles
 h - 2 silver boomerangs (quivered)
 k - 13 poisoned darts
Armour
 l - a +2 scale mail of positive energy
 y - a +3 scale mail of cold resistance (worn)
Jewellery
 d - a +4 ring of protection (left hand)
 u - an amulet of guardian spirit (around neck)
 v - a ring of willpower (right hand)
Wands
 n - a wand of flame (13)
Scrolls
 e - 4 scrolls of identify {unknown}
 f - 2 scrolls of enchant weapon {unknown}
 g - 2 scrolls of enchant armour {unknown}
 j - 3 scrolls of teleportation {unknown}
 m - 2 scrolls of fog {unknown}
 s - 2 scrolls of torment {unknown}
 x - a scroll of noise {unknown}
 z - a scroll of immolation {unknown}
 B - a scroll of amnesia {unknown}
Potions
 b - 2 potions of degeneration {unknown}
 c - 2 potions of ambrosia
 i - a potion of magic {unknown}
 o - a potion of flight {unknown}
 p - a potion of attraction {unknown}
 q - 2 potions of heal wounds {unknown}
 r - a potion of lignification {unknown}
 w - 2 potions of haste {unknown}
 A - a potion of curing {unknown}


   Skills:
 - Level 3.0 Fighting
 - Level 9.9(10.3) Short Blades
 - Level 4.4(7.7) Long Blades
 - Level 3.0 Dodging
 - Level 2.0 Stealth
 + Level 3.3 Invocations


You had 8 spell levels left.
You didn't know any spells.
Your spell library contained the following spells:

 Spells                   Type           Power      Damage    Failure   Level
 Shock                    Conj/Air       0%         1d3       80%         1
 Slow                     Hex            0%         N/A       80%         1
 Sublimation of Blood     Necr           0%         N/A       90%         2
 Confusing Touch          Hex            0%         N/A       99%         3
 Swiftness                Air            0%         N/A       99%         3
 Vampiric Draining        Necr           0%         2d6       99%         3
 Airstrike                Air            0%         2d(0-16)  100%        4
 Anguish                  Hex/Necr       0%         N/A       100%        4
 Petrify                  Tmut/Erth      0%         N/A       100%        4
 Irradiate                Conj/Tmut      0%         3d11      100%        5
 Enfeeble                 Hex            0%         N/A       100%        7


Dungeon Overview and Level Annotations

Branches:
Dungeon (6/15)             Temple (1/1) D:5

Altars:
Ashenzari
Dithmenos
Elyvilon
Hepliaklqana
Makhleb
Okawaru
Uskayaw
Xom
Yredelemnul

Shops:
D:3 [

Annotations:
D:4 3 runed translucent doors, Rrauwl's ghost, amateur HuMo


Message History

The wight is severely damaged.
The wight hits you but does no damage.
You hit the wight but do no damage.
The wight is severely damaged.
The wight hits you but does no damage.
You hit the wight but do no damage.
The wight is severely damaged.
The wight hits you but does no damage.
You barely miss the wight.
The wight is severely damaged.
The wight hits you with a +0 halberd!
You hit the wight but do no damage.
The wight is severely damaged.
You hit the wight but do no damage.
The wight is severely damaged.
The wight closely misses you.
You barely miss the wight.
The wight is heavily damaged.
The wight hits you with a +0 halberd!
You hit the wight.
The wight is almost destroyed.
The wight hits you with a +0 halberd.
You hit the wight.
You destroy the wight!
The kobold brigand throws a curare-tipped dart.
The curare-tipped dart hits you.
You are poisoned.
You have difficulty breathing.
* * * LOW HITPOINT WARNING * * *
You feel yourself slow down.
Your Invocations skill increases to level 3!
* * * LOW HITPOINT WARNING * * *
You feel very sick.
The kobold brigand throws a curare-tipped dart.
The curare-tipped dart hits you.
You are lethally poisoned!
You have difficulty breathing.
* * * LOW HITPOINT WARNING * * *
You feel as though you will be slow longer.
You die...

##.........#
......z....#
....z...K..#
...KKK..z..#
....#####'##
..#######.#########
..#.....#.Kz.KKK..#
..#.##.##########.#
..#.##...#...#..@.#
#.#.######.#.#.####
#..........#.#
######....##.######
#.#...#.#....#
#.##..#.#.##.#
#.##...<...#.#
#.....#.####.#
#######......#


There were no monsters in sight!

Vanquished Creatures
  Sigmund (D:4)
  An ice beast (D:5)
  A black bear (D:6)
  An ogre (D:4)
  A centaur (D:3)
  A phantom (D:6)
  A kobold brigand (D:4)
  A bullfrog (D:3)
  3 necrophages
  2 scorpions
  A wight (D:6)
  A howler monkey (D:5)
  3 jellies
  4 hounds
  2 iguanas
  3 orc wizards
  3 gnolls (D:3)
  2 adders
  A shadow imp (D:5)
  A white imp (D:5)
  An ufetubus (D:5)
  A worm (D:3)
  3 dart slugs
  18 orcs
  3 bats
  7 endoplasms
  5 giant cockroaches
  4 goblins
  8 hobgoblins
  9 kobolds
  3 quokkas
  4 ball pythons
  5 frilled lizards
  8 rats
113 creatures vanquished.

Notes
Turn   | Place    | Note
-------+----------+-------------------------------------------
     0 | D:1      | Lavandula the Human Monk began the quest for the Orb.
     0 | D:1      | Reached XP level 1. HP: 18/18 MP: 1/1
   146 | D:1      | Reached XP level 2. HP: 24/24 MP: 2/2
   598 | D:1      | Reached XP level 3. HP: 27/29 MP: 3/3
  1591 | D:2      | Reached skill level 1 in Short Blades
  1591 | D:2      | Reached XP level 4. HP: 11/35 MP: 4/4
  1741 | D:3      | Reached skill level 2 in Short Blades
  1757 | D:3      | Reached XP level 5. HP: 30/41 MP: 3/5
  1830 | D:3      | Noticed a centaur
  1846 | D:3      | Killed a centaur
  1847 | D:3      | Reached skill level 3 in Short Blades
  1968 | D:3      | Reached skill level 4 in Short Blades
  2018 | D:3      | Reached XP level 6. HP: 45/47 MP: 6/6
  2064 | D:3      | Found Boduss's Antique Armour Boutique.
  2073 | D:3      | Reached skill level 5 in Short Blades
  2343 | D:4      | Noticed Rrauwl's ghost (amateur HuMo)
  2343 | D:4      | Noticed Sigmund
  2343 | D:4      | Found a runed translucent gate.
  2343 | D:4      | Found a runed translucent gate.
  2344 | D:4      | Found a runed translucent gate.
  2473 | D:4      | Reached XP level 7. HP: 20/52 MP: 5/7
  2518 | D:3      | Bought a shiny scale mail for 119 gold pieces
  2697 | D:4      | Reached skill level 6 in Short Blades
  2764 | D:4      | Killed Sigmund
  2833 | D:4      | Reached skill level 7 in Short Blades
  2919 | D:4      | Reached XP level 8. HP: 47/58 MP: 8/8
  3504 | D:4      | Found an iron altar of Okawaru.
  3527 | D:4      | Reached skill level 8 in Short Blades
  3609 | D:5      | Entered Level 5 of the Dungeon
  3749 | D:5      | Identified the +6 rapier of Nemelex Xobeh's Hope {pain,
                  | Contam Will- Int+7 Dex+9}
  3996 | D:5      | Reached skill level 9 in Short Blades
  4076 | D:5      | Noticed a +0 spear
  4077 | D:5      | Noticed a +0 dagger
  4077 | D:5      | Noticed a +0 short sword
  4078 | D:5      | Noticed a +0 dagger
  4079 | D:5      | Noticed a +0 spear
  4079 | D:5      | Noticed a +0 falchion
  4087 | D:5      | Found a hide-covered altar of Uskayaw.
  4087 | D:5      | Noticed a +0 falchion
  4089 | D:5      | Noticed a +0 short sword
  4544 | D:5      | Found a staircase to the Ecumenical Temple.
  4553 | Temple   | Entered the Ecumenical Temple
  4562 | Temple   | Became a worshipper of Elyvilon the Healer
  4562 | Temple   | Reached * piety under Elyvilon
  4562 | Temple   | Reached ** piety under Elyvilon
  4644 | D:5      | Found a hazy altar of Hepliaklqana.
  4834 | D:6      | Reached XP level 9. HP: 58/63 MP: 7/9
  4869 | D:6      | Reached skill level 1 in Invocations
  4973 | D:6      | Succumbed to a kobold brigand's curare-tipped dart

Illustrated notes

Levels and vault maps discovered:
D:1:      dpeg_arrival_ratfight, layout_basic
D:2:      layout_loops_ring
D:3:      layout_rooms, serial_shops, shop
D:4:      layout_loops_cross, okawaru_altar_gauntlet_db,
          gammafunk_ghost_nasty_kobolds, st_stairs_10, uniq_sigmund
D:5:      layout_loops_cross, nzn_hepliaklqana_mist_gate,
          nicolae_uskayaw_en_pointe, minmay_temple_entry_poolview
D:6:      layout_basic, nicolae_overflow_squiral, fedhas_ov_isle_minmay,
          uniq_crazy_yiuf_cottage
Temple:   nicolae_temple_ecumenical_triangle

Skill      XL: |  1  2  3  4  5  6  7  8  9 |
---------------+----------------------------+-----
Long Blades    | 4 |  4.4
Short Blades   | 1 2 4 5 7 9 |  9.9
Invocations    | 3 |  3.3
Fighting       | |  3.0
Dodging        | |  3.0
Stealth        | |  2.0

Action                     |  1- 3 |  4- 6 |  7- 9 || total
---------------------------+-------+-------+-------++-------
  Melee: Falchion          |    99 |       |    57 ||   156
         Punch             |     1 |     2 |     8 ||    11
         Dagger            |     7 |   100 |   313 ||   420
  Throw: Dart              |       |     3 |     1 ||     4
         Boomerang         |       |       |     1 ||     1
  Evoke: Wand              |       |       |     5 ||     5
   Stab: Sleeping          |     7 |     1 |       ||     8
 Armour: Robe              |    10 |       |       ||    10
         Leather armour    |     9 |       |       ||     9
         Ring mail         |    11 |    48 |       ||    59
         Scale mail        |       |       |   122 ||   122
  Dodge: Dodged            |    62 |    41 |   126 ||   229

Table legend: (Time is in decaauts)
 A = Elapsed time spent in this place.
 B = Non-inter-level travel time spent in this place.
 C = Inter-level travel time spent in this place.
 D = Time resting spent in this place.
 E = Time spent auto-exploring this place.
 F = Levels seen in this place.
 G = Mean time per level.
                   A        B        C        D        E       F      G
               +--------+--------+--------+--------+--------+-----+--------+
         Total |   4819 |   4621 |    198 |    213 |   3320 |   7 |  688.4 |
       Dungeon |   4801 |   4611 |    190 |    213 |   3317 |   6 |  800.2 |
        Temple |     18 |     10 |      8 |      0 |      3 |   1 |   18.0 |
               +--------+--------+--------+--------+--------+-----+--------+

Top non-repeatable levels by time:
     D:4: 1066 daAuts
     D:5: 1012 daAuts
     D:2: 840 daAuts
     D:1: 832 daAuts
     D:3: 798 daAuts
     D:6: 249 daAuts
  Temple: 18 daAuts
